 Dungeon Crawl Stone Soup version 0.31.0-9-g3a7656b989 (webtiles) character file.

Game seed: 13475115031459806307

300 qw the Shooter (level 6, -5/30 HPs)
             Began as a Spriggan Hunter on Feb 2, 2024.
             Slain by an ice beast (6 damage)
             ... on level 4 of the Dungeon.
             The game lasted 00:00:09 (2586 turns).

qw the Shooter (Spriggan Hunter)                    Turns: 2586, Time: 00:00:10

Health: -5/30      AC:  2    Str:  7    XL:     6   Next: 13%
Magic:  7/7        EV: 21    Int: 10    God:
Gold:   160        SH:  0    Dex: 21    Spells: 5/5 levels left

rFire   . . .        a - +1 shortbow
rCold   + . .        (shield currently unavailable)
rNeg    . . .        c - +0 robe
rPois   .            (helmet restricted)
rElec   .            (no cloak)
rCorr   .            (gloves unavailable)
SInv    +            (boots unavailable)
Will    +....        (no amulet)
Stlth   ++           d - ring of protection from cold
HPRegen 0.25/turn    (no ring)
MPRegen 0.10/turn

%: no passive effects
@: very quick
A: very small, no large weapons, unfitting armour, see invisible, speed 3
a: no special abilities


You were on level 4 of the Dungeon.
You visited 1 branch of the dungeon, and saw 4 of its levels.

You collected 160 gold pieces.


Innate Abilities, Weirdness & Mutations

You are very small and have problems with some larger weapons.
You are too small for most types of armour.
You have supernaturally acute eyesight. (SInv)
You cover ground extremely quickly. (Speed+++)


   Skills:
 - Level 2.1 Fighting
 - Level 6.2 Ranged Weapons
 + Level 5.5 Dodging
 - Level 1.5 Stealth


You had 5 spell levels left.
You didn't know any spells.
Your spell library was empty.

Inventory:

Hand Weapons
 a - a +1 shortbow (weapon)
Armour
 c - a +0 robe (worn)
Jewellery
 d - a ring of protection from cold (left hand)
Wands
 e - a wand of flame (11)
Potions
 b - a potion of haste {unknown}
 g - a potion of resistance {unknown}
 i - 4 potions of curing

Dungeon Overview and Level Annotations

Branches:
Dungeon (4/15)
 Temple: D:4-7

Altars:
Ashenzari
Nemelex Xobeh
Uskayaw
Yredelemnul
The Shining One

Shops:
D:1 *   D:2 !


Message History

You shoot an arrow. The arrow hits the ice beast!
The ice beast is severely wounded.
The ice beast hits you but does no damage.
You shoot an arrow. The arrow closely misses the ice beast.
The ice beast hits you. The ice beast freezes you. You resist.
You shoot an arrow.
The arrow hits the ice beast but does no damage.
The ice beast is severely wounded.
The ice beast misses you.
You shoot an arrow.
The arrow completely misses the ice beast.
The ice beast completely misses you.
You shoot an arrow. The arrow closely misses the ice beast.
The ice beast barely misses you. The ice beast misses you.
You shoot an arrow. The arrow closely misses the ice beast.
The ice beast misses you.
You shoot an arrow.
The arrow hits the ice beast but does no damage.
The ice beast is severely wounded.
The ice beast completely misses you.
You shoot an arrow.
The arrow hits the ice beast but does no damage.
The ice beast is severely wounded.
The ice beast closely misses you.
You shoot an arrow.
The arrow hits the ice beast but does no damage.
The ice beast is severely wounded.
The ice beast completely misses you.
You shoot an arrow. The arrow hits the ice beast.
The ice beast is almost dead.
The ice beast misses you.
You shoot an arrow.
The arrow hits the ice beast but does no damage.
The ice beast is almost dead.
You hear the slow rusting of a drain nearby.
The ice beast hits you. The ice beast freezes you. You resist.
You shoot an arrow. The arrow hits the ice beast.
The ice beast is almost dead.
The ice beast hits you. The ice beast freezes you. You resist.
You die...

.. ..# .##.## ######### ##.
.....###.......# .....>#
......#.#####.#
.##..####...#.#.#####)#
......##.... .....##.#
........Y##?#.##.##.#
..#.##!@...#)##.##.# #
#.#........#.......####
#.##.#........#.##...#...#
#.............#<##..###..#
#####.##)).....#.##...#.#.#
#.....##.......#.##.##.##.#
#.######.......#.......##.#
#.# #.......####.......#
#.# ######### #.#######


You could see an ice beast.

Vanquished Creatures
  A phantom (D:4)
  Natasha (thrice) (D:3)
  5 gnolls
  2 adders
  4 ribbon worms
  3 dart slugs
  An orc (D:3)
  6 endoplasms
  2 giant cockroaches (D:1)
  10 goblins
  8 hobgoblins
  4 quokkas
  6 ball pythons
  5 bats
  2 frilled lizards
  A kobold (D:1)
  6 rats
69 creatures vanquished.

Notes
Turn   | Place    | Note
-------+----------+-------------------------------------------
     0 | D:1      | qw the Spriggan Hunter began the quest for the Orb.
     0 | D:1      | Reached XP level 1. HP: 10/10 MP: 2/2
     0 | D:1      | 0 ||| qw: Version: 0.3-a-155-g5e7d8dd
     0 | D:1      | 0 ||| qw: Game counter: 570
     0 | D:1      | 0 ||| qw: Melee chars always use a shield: true
     0 | D:1      | 0 ||| qw: God list: Okawaru
     0 | D:1      | 0 ||| qw: Allow faded altars: false
     0 | D:1      | 0 ||| qw: Do Orc after clearing Dungeon:15 true
     0 | D:1      | 0 ||| qw: Do second Lair branch before Depths: true
     0 | D:1      | 0 ||| qw: Lair rune preference: random
     0 | D:1      | 0 ||| qw: Goals: Normal
     0 | D:1      | 0 ||| PLANNING D:1-11
    27 | D:1      | Reached skill level 3 in Dodging
    50 | D:1      | Found Seruoh's Assorted Antiques.
    56 | D:1      | 56 ||| SHOPLISTING bronze wand (80 gold, have 0).
    56 | D:1      | 56 ||| SHOPLISTING embroidered scarf (160 gold, have 0).
    56 | D:1      | 56 ||| SHOPLISTING scroll labelled INENEG GIFFECW (20 gold,
                  | have 0).
    56 | D:1      | 56 ||| SHOPLISTING scroll labelled ONAWUO KOSION (20 gold,
                  | have 0).
   119 | D:1      | Found a faded altar of an unknown god.
   237 | D:1      | Reached XP level 2. HP: 13/14 MP: 3/3
   930 | D:1      | Reached XP level 3. HP: 12/18 MP: 4/4
  1117 | D:1      | 1117 ||| READING 4 scrolls labelled ONAWUO KOSION.
  1117 | D:1      | 1117 ||| IDENTIFYING fizzy black potion
  1118 | D:1      | 1118 ||| READING 3 scrolls of identify.
  1118 | D:1      | 1118 ||| IDENTIFYING grey potion
  1119 | D:1      | 1119 ||| READING 2 scrolls of identify.
  1119 | D:1      | 1119 ||| IDENTIFYING black potion
  1120 | D:1      | 1120 ||| READING scroll of identify.
  1120 | D:1      | 1120 ||| IDENTIFYING scroll labelled JERATO ORRASIV
  1121 | D:1      | 1121 ||| READING scroll of enchant weapon.
  1121 | D:1      | 1121 ||| ENCHANTING +0 shortbow.
  1122 | D:1      | 1122 ||| READING scroll labelled LAL XUOLYMEQU.
  1123 | D:1      | 1123 ||| DROPPING scroll of butterflies.
  1124 | D:1      | 1124 ||| DROPPING potion of lignification.
  1125 | D:1      | 1125 ||| DROPPING potion of brilliance.
  1337 | D:2      | Found Irozunta's Distillery.
  1357 | D:2      | 1357 ||| SHOPLISTING potion of cancellation (112 gold, have
                  | 60).
  1497 | D:2      | Reached skill level 5 in Ranged Weapons
  1526 | D:2      | Reached XP level 4. HP: 22/22 MP: 5/5
  1555 | D:2      | 1555 ||| UPGRADING to ring of protection from cold.
  1556 | D:2      | 1556 ||| READING scroll labelled FIH VEIPLUE.
  1773 | D:3      | Noticed Natasha
  1777 | D:3      | Killed Natasha
  1795 | D:3      | Identified the +1 dagger "Desku" {flame, rCorr Dex+3}
  1874 | D:3      | Found a broken altar of Ashenzari.
  1874 | D:3      | Found a basalt altar of Yredelemnul.
  1879 | D:3      | Noticed Natasha
  1882 | D:3      | Killed Natasha
  1885 | D:3      | Found a sparkling altar of Nemelex Xobeh.
  1885 | D:3      | Found a glowing golden altar of the Shining One.
  1940 | D:3      | Noticed Natasha
  1941 | D:3      | Reached XP level 5. HP: 26/26 MP: 6/6
  1943 | D:3      | Killed Natasha
  2322 | D:3      | Found a hide-covered altar of Uskayaw.
  2437 | D:3      | 2437 ||| READING scroll labelled XEL MAOLAMUP.
  2438 | D:3      | 2438 ||| READING scroll labelled HOANOD NICUGUD.
  2456 | D:4      | Noticed a phantom
  2457 | D:4      | 2457 ||| PLANNING SEWER
  2457 | D:4      | 2457 ||| ZAPPING wand of flame (19) at 0,-5 (phantom;
                  | floor).
  2458 | D:4      | 2458 ||| ZAPPING wand of flame (18) at 0,-4 (phantom;
                  | floor).
  2459 | D:4      | 2459 ||| ZAPPING wand of flame (17) at 0,-3 (phantom;
                  | floor).
  2460 | D:4      | 2460 ||| ZAPPING wand of flame (16) at 0,-2 (phantom;
                  | floor).
  2461 | D:4      | 2461 ||| ZAPPING wand of flame (15) at 0,-1 (phantom;
                  | floor).
  2462 | D:4      | 2462 ||| ZAPPING wand of flame (14) at 0,-1 (phantom;
                  | floor).
  2463 | D:4      | 2463 ||| ZAPPING wand of flame (13) at 0,-1 (phantom;
                  | floor).
  2464 | D:4      | 2464 ||| ZAPPING wand of flame (12) at 0,-1 (phantom;
                  | floor).
  2464 | D:4      | Killed a phantom
  2465 | D:4      | Reached skill level 6 in Ranged Weapons
  2473 | D:4      | Reached XP level 6. HP: 30/30 MP: 7/7
  2563 | D:4      | Noticed an ice beast
  2585 | D:4      | HP: 2/30 [ice beast (6)]
  2586 | D:4      | Slain by an ice beast

Levels and vault maps discovered:
D:1:      dpeg_arrival_short_road, layout_basic,
          shapermc_ecumenical_altar_mp_urbaneastern, serial_shops,
          nicolae_shop_tiny_statue_garden, minmay_gold_behind_fungi,
          grunt_decor_mini_mirrors, chequers_serial_rivers_micro_a
D:2:      layout_rooms, serial_shops, nicolae_lakefront_shop, grunt_ministairs_6
D:3:      layout_basic, marbit_many_paths, grunt_temple_overflow_open,
          uniq_natasha
D:4:      layout_loops_cross, gup_sewer_entry_glass, nicolae_custom_books

Skill      XL: |  1  2  3  4  5 |
---------------+----------------+-----
Dodging        | 3 4 5 |  5.5
Ranged Weapons | 5 6 |  6.2
Fighting       | 2 |  2.1
Stealth        | |  1.5

Action                     |  1- 3 |  4- 6 || total
---------------------------+-------+-------++-------
   Fire: Shortbow          |   109 |   101 ||   210
  Evoke: Wand              |       |     8 ||     8
    Use: Scroll            |     6 |     3 ||     9
 Armour: Robe              |     8 |    15 ||    23
  Dodge: Dodged            |    21 |    38 ||    59

Table legend:
 A = Non-vault XP
 B = Vault XP
 C = Vault XP percentage of total XP
 D = Non-vault monster count
 E = Vault monster count
 F = Vault count percentage of total count
                 A         B        C        D         E       F
            +---------+---------+-------+---------+---------+-------
      Total |     366 |      63 |  14.7 |      65 |       4 |   5.8
            +---------+---------+-------+---------+---------+-------
        D:1 |      43 |       0 |   0.0 |      25 |       0 |   0.0
        D:2 |      41 |      15 |  26.8 |      17 |       2 |  10.5
        D:3 |     112 |      48 |  30.0 |      16 |       2 |  11.1
        D:4 |     170 |       0 |   0.0 |       7 |       0 |   0.0
            +---------+---------+-------+---------+---------+-------
